 Dungeon Crawl Stone Soup version 0.26-a0-682-g294304f6e8 (webtiles) character file.

Game seed: 3499661345906434519

3181 HilariousDeathArtist the Covert (level 9, 0/67 HPs)
             Began as a Vampire Abyssal Knight on Oct 20, 2020.
             Was an Elder of Lugonu.
             Slain by an ufetubus (3 damage)
             ... on level 10 of the Dungeon.
             The game lasted 00:15:36 (7493 turns).

HilariousDeathArtist the Covert (VpAK)              Turns: 7493, Time: 00:15:37

Health: 0/67       AC: 14    Str: 13    XL:     9   Next: 63%
Magic:  13/13      EV:  9    Int: 14    God:    Lugonu [****..]
Gold:   600        SH:  7    Dex: 27    Spells: 8/8 levels left

rFire    . . .     SeeInvis +   a - +4 short sword (freeze)
rCold    + . .     Faith    .   s - +0 buckler
rNeg     . . .     Spirit   .   p - +2 chain mail {rC+}
rPois    .         Reflect  .   (no helmet)
rElec    .         Harm     .   (no cloak)
rCorr    .         Rampage  .   (no gloves)
MR       .....                  q - +2 pair of boots
Stlth    ++........             (no amulet)
HPRegen  0.41/turn              i - +6 ring of dexterity
MPRegen  0.13/turn              k - +6 ring of dexterity

@: regenerating quickly
A: fangs 3, see invisible, unbreathing
a: Exsanguinate, Depart the Abyss, Bend Space, Banish, Corrupt, Renounce
Religion


You were on level 10 of the Dungeon.
You worshipped Lugonu.
Lugonu was greatly pleased with you.
You visited 1 branch of the dungeon, and saw 10 of its levels.
You visited the Abyss 1 time.

You collected 600 gold pieces.

Inventory:

Hand Weapons
 a - a +4 short sword of freezing (weapon)
   (You took it off a wight on level 7 of the Dungeon)
 b - a +2 hand crossbow of electrocution
   (You found it on level 2 of the Abyss)
 c - a +2 vorpal quarterstaff
   (You found it on level 7 of the Dungeon)
 B - a +2 dagger of protection
   (You found it on level 5 of the Dungeon)
 C - a cursed +4 scimitar
   (You took it off a wight on level 7 of the Dungeon)
Missiles
 f - 24 bolts
Armour
 p - a +2 chain mail of cold resistance (worn)
   (You took it off Terence on level 3 of the Dungeon)
 q - a +2 pair of boots (worn)
   (You found it on level 3 of the Dungeon)
 s - a +0 buckler (worn)
   (You found it on level 3 of the Dungeon)
Jewellery
 i - a +6 ring of dexterity (left hand)
   (You found it on level 4 of the Dungeon)
 j - an uncursed ring of positive energy {rN+}
   (You found it on level 1 of the Dungeon)
 k - a +6 ring of dexterity (right hand)
   (You found it on level 2 of the Dungeon)
 o - an uncursed ring of fire {rF+, rC-}
   (You found it on level 3 of the Dungeon)
Wands
 m - a wand of random effects (29)
   (You took it off Ijyb on level 5 of the Dungeon)
 t - a wand of polymorph (6)
   (You found it on level 9 of the Dungeon)
Scrolls
 d - 2 scrolls of enchant armour
 e - a scroll of vulnerability {!r!r}
 g - 6 scrolls of identify
 h - a scroll of magic mapping {!r}
 l - 4 scrolls of remove curse
 r - 4 scrolls of teleportation
 u - a scroll of noise {!r}
 v - a scroll of immolation {!r}
Potions
 n - a potion of mutation {!q}
 z - a potion of brilliance


   Skills:
 + Level 4.8 Fighting
 - Level 2.1 Short Blades
 + Level 4.7 Crossbows
 + Level 3.2 Armour
 + Level 5.0 Dodging
 + Level 9.1 Stealth
 + Level 3.9 Shields
 * Level 6.0 Invocations


You had 8 spell levels left.
You didn't know any spells.
Your spell library contained the following spells:

 Spells                   Type           Power        Failure   Level
 Sandblast                Erth           #.....       100%        1
 Passwall                 Tmut/Erth      #.......     100%        2
 Stone Arrow              Conj/Erth      #.....       100%        3
 Animate Dead             Necr           #.........   100%        4
 Petrify                  Tmut/Erth      #.......     100%        4
 Borgnjor's Vile Clutch   Necr/Erth      #.........   100%        5
 Lee's Rapid Deconstruct  Erth           #.........   100%        5
 Death Channel            Necr           #.........   100%        6
 Simulacrum               Ice/Necr       #.........   100%        6


Dungeon Overview and Level Annotations

Branches:
Dungeon (10/15)
 Temple: D:4-7         Lair: D:8-11         Orc: D:9-12

Altars:
Dithmenos
Hepliaklqana
Uskayaw
The Shining One


Innate Abilities, Weirdness & Mutations

Your natural rate of healing is unusually fast.
You have razor-sharp teeth.
You have supernaturally acute eyesight. (SInv)
You can survive without breathing.


Message History

The spectral weapon hits you.
You take 4 damage, and have 63/67 hp.
You now have 12/13 mp.
You hit the orc wizard. You freeze the orc wizard.
The orc wizard closely misses you. You block the spectral weapon's attack.
You hit the orc wizard. You freeze the orc wizard.
An orc priest comes into view. It is wielding a -3 mace.
The orc wizard casts a spell at you.
You easily resist.
The orc priest casts a cantrip, but nothing happens.
Things that are here:
a +0 long sword; a cursed +0 robe; an orc corpse The orc wizard casts a spell at you.
The magic dart hits you.
The orc priest hits you but does no damage.
You take 2 damage, and have 62/67 hp.
The orc priest hits you but does no damage.
MP restored: 13
Okay, then.
Okay, then.
Okay, then.
Okay, then.
Okay, then.
You closely miss the spectral weapon.
The orc priest calls down the wrath of Beogh upon you.
Beogh smites you!
You take 12 damage, and have 51/67 hp.
You hit the orc wizard. You freeze the orc wizard. You bite the orc wizard.
You kill the orc wizard!
Lugonu accepts your kill.
The spectral weapon fades away.
The orc priest looks encouraged for a moment.
Aim: an orc priest, wielding a -3 mace and wearing a +0 chain mail The mass of ice explodes!
The iceblast engulfs the two-headed ogre!
The iceblast engulfs the orc warrior!
An adder skeleton comes into view.
The orc priest casts a cantrip, but nothing happens.
The orc priest invokes the aid of Beogh against you.
Beogh smites you!
You take 12 damage, and have 41/67 hp.
Space bends around you!
You blink.
You take 2 damage, and have 40/67 hp.
You now have 12/13 mp.
Okay, then.
The orc warrior hits you with a +0 battleaxe!
You take 15 damage, and have 25/67 hp.
MASSIVE DAMAGE!!
Space bends around you!
You blink.
You take 2 damage, and have 23/67 hp.
You now have 11/13 mp.
Okay, then.
Space bends around you!
You blink.
You take 2 damage, and have 22/67 hp.
You now have 10/13 mp.
The orc priest begins to cast a cantrip, but forgets the words!
The orc priest mumbles some strange prayers to Beogh against you.
Beogh smites you!
* * * LOW HITPOINT WARNING * * *
You take 11 damage, and have 13/67 hp.
Found two stone staircases leading down.
You see here a wand of polymorph (6).
t - a wand of polymorph (6)
The orc priest miscasts a cantrip.
An ogre comes into view. It is wielding a +0 giant spiked club.
The ogre shouts!
There is a stone staircase leading down here.
The ogre hits you with a +0 giant spiked club!
* * * LOW HITPOINT WARNING * * *
You climb downwards.
An ufetubus, 4 zombies and a skeleton come into view.
The ufetubus shouts!
There is a stone staircase leading up here.
You take 14 damage, and have 3/67 hp.
MASSIVE DAMAGE!!
The ufetubus hits you but does no damage.
The ufetubus closely misses you.
MP restored: 13 You feel better.
You block the ufetubus's attack.
The ufetubus hits you but does no damage.
You regained 5 hp, and now have 10/67 hp.
The ufetubus misses you. You block the ufetubus's attack.
The ufetubus closely misses you.
The ufetubus hits you but does no damage.
The ogre hits you with a +0 giant spiked club!
* * * LOW HITPOINT WARNING * * *
You take 9 damage, and have 1/67 hp.
You don't have enough health at the moment.
Unknown command.
Unknown command.
Okay, then.
Okay, then.
Okay, then.
Unknown command.
You block the ufetubus's attack.
The ufetubus hits you but does no damage.
The ufetubus barely misses you.
The ufetubus hits you but does no damage.
The ogre barely misses you. The ufetubus hits you.
You die...

#.......#
#.......#
+.......#
#.......#
#.......#
#.......#
#.......#
#......@#
#.....O5#
#....Z..#
#.......#
##..#####
#.<##
#.........#
###...#####
ZZ8..


You could see an ogre, an ufetubus and an orc zombie.

Vanquished Creatures
  4 yaks (D:9)
  Edmund (D:4)
  A water moccasin (D:8)
  An ice beast (D:8)
  2 ogres (D:8)
  A necrophage (D:7)
  3 centaurs
  A big kobold (D:7)
  3 bullfrogs
  A water moccasin skeleton (D:9)
  A scorpion (D:4)
  4 killer bees (D:8)
  11 wights
  2 howler monkeys
  A bullfrog zombie (D:5)
  A jelly (D:3)
  2 hounds (D:9)
  2 bullfrog skeletons
  Ijyb (D:5)
  Terence (D:3)
  2 iguanas
  3 orc wizards
  6 worker ants
  A hound zombie (D:7)
  A howler monkey zombie (D:5)
  A worker ant zombie (D:7)
  6 adders
  A shadow imp (D:7)
  An ufetubus (D:8)
  2 oozes
  2 adder skeletons
  2 worms (D:2)
  3 dart slugs
  5 leopard geckos
  9 orcs
  4 ball pythons
  8 bats
  5 giant cockroaches
  6 goblins
  10 hobgoblins
  4 jackals (D:1)
  7 quokkas
  6 frilled lizards
  2 jackal skeletons
  11 kobolds
  A quokka skeleton (D:5)
  14 rats
167 creatures vanquished.

Notes
Turn   | Place    | Note
-------+----------+-------------------------------------------
     0 | Abyss:1  | HilariousDeathArtist the Vampire Abyssal Knight began the
                  | quest for the Orb.
     0 | Abyss:1  | Reached XP level 1. HP: 17/17 MP: 2/2
    16 | Abyss:1  | Noticed a fire bat
    67 | Abyss:2  | Noticed a lorocyproca
    67 | Abyss:2  | Noticed a large abomination
    90 | Abyss:3  | Noticed an ancient zyme
   117 | D:1      | Escaped the Abyss
   149 | D:1      | Reached skill level 1 in Stealth
   264 | D:1      | Reached skill level 2 in Stealth
   278 | D:1      | Reached XP level 2. HP: 23/23 MP: 3/3
   283 | D:1      | Reached * piety under Lugonu
   398 | D:1      | Reached skill level 1 in Crossbows
   451 | D:1      | Reached skill level 3 in Stealth
   493 | D:1      | Reached XP level 3. HP: 22/28 MP: 4/4
   829 | D:1      | Reached ** piety under Lugonu
  1009 | D:2      | Found a faded altar of an unknown god.
  1077 | D:2      | HP: 5/28 [worm (9)]
  1194 | D:2      | Reached skill level 4 in Stealth
  1226 | D:2      | Reached XP level 4. HP: 34/34 MP: 5/5
  1300 | D:2      | Reached skill level 2 in Crossbows
  1780 | D:3      | Reached skill level 5 in Stealth
  1921 | D:3      | Noticed Terence
  1934 | D:3      | Killed Terence
  1934 | D:3      | Reached XP level 5. HP: 19/39 MP: 6/6
  2551 | D:3      | Reached *** piety under Lugonu
  2858 | D:4      | Reached skill level 3 in Crossbows
  2858 | D:4      | Reached skill level 6 in Stealth
  2858 | D:4      | Reached skill level 2 in Invocations
  2966 | D:4      | Noticed Edmund
  3088 | D:4      | Killed Edmund
  3088 | D:4      | Reached skill level 3 in Fighting
  3088 | D:4      | Reached skill level 1 in Shields
  3088 | D:4      | Reached XP level 6. HP: 47/47 MP: 7/7
  3470 | D:5      | Entered Level 5 of the Dungeon
  3659 | D:5      | Reached skill level 3 in Invocations
  3762 | D:5      | Noticed Ijyb
  3825 | D:5      | Killed Ijyb
  3825 | D:5      | Reached XP level 7. HP: 52/52 MP: 9/9
  4222 | D:5      | Reached skill level 1 in Armour
  4653 | D:6      | Found a hide-covered altar of Uskayaw.
  4653 | D:6      | Found a hazy altar of Hepliaklqana.
  4653 | D:6      | Found a glowing golden altar of the Shining One.
  4653 | D:6      | Found a shadowy altar of Dithmenos.
  4752 | D:7      | Reached skill level 7 in Stealth
  4780 | D:7      | Reached skill level 3 in Dodging
  4780 | D:7      | Reached skill level 2 in Shields
  5408 | D:7      | Reached XP level 8. HP: 60/60 MP: 10/10
  5431 | D:7      | Reached skill level 4 in Invocations
  5678 | D:7      | Reached **** piety under Lugonu
  5690 | D:7      | Reached skill level 2 in Armour
  5849 | D:8      | Reached skill level 4 in Crossbows
  5872 | D:8      | HP: 15/60 [poisoned by a killer bee]
  5877 | D:8      | HP: 15/60 [poisoned by a killer bee]
  6021 | D:8      | Reached skill level 4 in Fighting
  6117 | D:8      | Reached skill level 8 in Stealth
  6117 | D:8      | Reached skill level 3 in Shields
  6124 | D:8      | Reached skill level 4 in Dodging
  6126 | D:8      | Reached skill level 5 in Invocations
  6305 | D:8      | Reached XP level 9. HP: 65/65 MP: 12/12
  7161 | D:9      | Reached skill level 3 in Armour
  7188 | D:9      | Reached skill level 9 in Stealth
  7293 | D:9      | Reached skill level 6 in Invocations
  7321 | D:9      | Reached skill level 5 in Dodging
  7426 | D:9      | Noticed a two-headed ogre
  7473 | D:9      | HP: 13/67 [orc priest/divine providence (11)]
  7483 | D:9      | HP: 3/67 [ogre/+0 giant spiked club (14)]
  7484 | D:10     | Entered Level 10 of the Dungeon
  7489 | D:10     | HP: 1/67 [ogre/+0 giant spiked club (9)]
  7493 | D:10     | Slain by an ufetubus

Illustrated notes

Levels and vault maps discovered:
D:1:      dpeg_arrival_ratfight, layout_basic, minmay_octomino_c4
D:2:      layout_rooms, chequers_ecumenical_altar_island
D:3:      layout_basic, uniq_terence
D:4:      layout_basic, minmay_strange_pillars, minmay_misc_feat_roman,
          nicolae_underground_beach, uniq_edmund
D:5:      layout_basic, uniq_ijyb
D:6:      layout_cave_pools, grunt_temple_overflow_open,
          minmay_temple_entry_ruins
D:7:      layout_basic
D:8:      layout_cave_pods, hangedman_glass_garden
D:9:      layout_loops_ring, erik_lair_dragon
D:10:     layout_roguey, zombieorc2_lemuel

Skill      XL: |  1  2  3  4  5  6  7  8  9 |
---------------+----------------------------+-----
Stealth        | 2 3 4 5 6 7 8 9 |  9.1
Crossbows      | 1 2 3 4 |  4.7
Invocations    | 2 3 5 6 |  6.0
Fighting       | 3 4 |  4.8
Shields        | 1 2 3 |  3.9
Armour         | 1 2 3 |  3.2
Dodging        | 3 4 5 |  5.0
Short Blades   | |  2.1

Action                   |  1- 3 |  4- 6 |  7- 9 || total
-------------------------+-------+-------+-------++-------
Melee: Short sword       |   119 |   262 |   190 ||   571
       Bite              |     9 |    48 |    54 ||   111
       Dagger            |       |    62 |   176 ||   238
       Flail             |       |       |     2 ||     2
 Fire: Hand crossbow     |     4 |       |    64 ||    68
Invok: Depart the Abyss  |     1 |       |       ||     1
       Bend Space        |       |       |     9 ||     9
Evoke: Wand              |       |       |     9 ||     9
  Use: Scroll            |       |     8 |    10 ||    18
       Potion            |       |     4 |     4 ||     8
 Stab: Sleeping          |     6 |     6 |       ||    12
Armor: Leather armour    |    24 |    16 |       ||    40
       Chain mail        |       |   131 |   221 ||   352
       Skin              |       |       |    34 ||    34
Dodge: Dodged            |    52 |    94 |   119 ||   265
Block: Buckler           |       |    48 |   124 ||   172

Table legend: (Time is in decaauts)
 A = Elapsed time spent in this place.
 B = Non-inter-level travel time spent in this place.
 C = Inter-level travel time spent in this place.
 D = Time resting spent in this place.
 E = Time spent auto-exploring this place.
 F = Levels seen in this place.
 G = Mean time per level.
                   A        B        C        D        E       F      G
               +--------+--------+--------+--------+--------+-----+--------+
         Total |   7492 |   7098 |    394 |   1024 |   4157 |  13 |  576.3 |
       Dungeon |   7376 |   6982 |    394 |   1024 |   4157 |  10 |  737.6 |
         Abyss |    115 |    115 |      0 |      0 |      0 |   3 |   38.3 |
               +--------+--------+--------+--------+--------+-----+--------+

Top non-repeatable levels by time:
     D:3: 1285 daAuts
     D:8: 1275 daAuts
     D:7: 1219 daAuts
     D:5: 876 daAuts
     D:1: 868 daAuts
     D:4: 736 daAuts
     D:2: 560 daAuts
     D:9: 415 daAuts
     D:6: 132 daAuts
 Abyss:2: 46 daAuts
 Abyss:3: 40 daAuts
 Abyss:1: 28 daAuts
    D:10: 8 daAuts

Table legend:
 A = Kills in this place as a percentage of kills in entire the game.
 B = Kills by you in this place as a percentage of kills by you in the entire game.
 C = Kills by friends in this place as a percentage of kills by friends in the entire game.
 D = Other kills in this place as a percentage of other kills in the entire game.
 E = Experience gained in this place as a percentage of experience gained in the entire game.
 F = Experience gained in this place divided by the number of levels of this place that you have seen.
                   A       B       C       D       E      F
               +-------+-------+-------+-------+-------+----------------------
         Total | 100.0 | 100.0 |   N/A |   N/A | 100.0 | 349.6
       Dungeon | 100.0 | 100.0 |   N/A |   N/A | 100.0 | 454.5
               +-------+-------+-------+-------+-------+----------------------
